 Dungeon Crawl Stone Soup version 0.29.1-4-g47bece8355 (webtiles) character file.

Game seed: 17923872792714858224

18415 javelincjr the Eclecticist (level 12, -4/64 HPs)
             Began as a Deep Elf Conjurer on Dec 5, 2022.
             Was a High Priest of Sif Muna.
             Slain by a boulder beetle (12 damage)
             ... on level 13 of the Dungeon.
             The game lasted 02:22:20 (15415 turns).

javelincjr the Eclecticist (Deep Elf Conjurer)     Turns: 15415, Time: 02:22:22

Health: -4/64      AC: 13    Str:  8    XL:     12   Next: 27%
Magic:  21/33      EV: 14    Int: 28    God:    Sif Muna [*****.]
Gold:   600        SH:  0    Dex: 12    Spells: 21/41 levels left

rFire   . . .      SeeInvis +   L - staff of conjuration
rCold   + . .      Faith    +   z - orb {light}
rNeg    + . .      Spirit   .   O - +1 leather armour {rN+}
rPois   .          Reflect  .   I - +2 helmet
rElec   .          Harm     .   x - +2 cloak
rCorr   .          Rampage  .   (no gloves)
Will    +....                   B - +1 pair of boots
Stlth   +.........              A - amulet of faith
HPRegen 0.20/turn               n - ring of protection from cold
MPRegen 0.23/turn               l - ring of flight

@: flying, glowing
A: see invisible, strong 1
a: Renounce Religion, Channel Magic, Forget Spell, Divine Exegesis


You were on level 13 of the Dungeon.
You worshipped Sif Muna.
Sif Muna was extremely pleased with you.
You visited 4 branches of the dungeon, and saw 16 of its levels.
You also visited: Bailey and Gauntlet.

You collected 600 gold pieces.

Inventory:

Hand Weapons
 k - a +3 short sword of chaos
 G - a +2 shortbow of flaming
 M - the +6 scimitar of Ofrisyt {vorpal, Int+4 SInv}
   (You found it in a bailey)

   It inflicts extra damage upon your enemies.
   Int:       It affects your intelligence (+4).
   SInv:      It lets you see invisible.
Missiles
 g - 43 poisoned darts (quivered)
 p - 5 javelins
 J - 2 throwing nets
 N - 2 curare-tipped darts
 V - 5 atropa-tipped darts
Armour
 q - the +6 plate armour of Niuniep {Will+}
   (You found it in a bailey)

   Will:      It increases your willpower.
 x - a +2 cloak (worn)
 z - an orb of light (worn)
 B - a +1 pair of boots (worn)
 I - a +2 helmet (worn)
 K - a +0 helmet of see invisible
 O - a +1 leather armour of positive energy (worn)
 Q - +0 acid dragon scales
 X - a +0 troll leather armour
Magical Staves
 L - a staff of conjuration (weapon)
Jewellery
 c - an amulet of reflection
 e - an amulet of magic regeneration
 f - an amulet of guardian spirit
 l - a ring of flight (right hand)
 n - a ring of protection from cold (left hand)
 s - an amulet of the acrobat
 A - an amulet of faith (around neck)
 P - a ring of poison resistance
Wands
 a - a wand of digging (6)
 m - a wand of charming (13)
 w - a wand of mindburst (13)
 F - a wand of iceblast (21)
 S - a wand of flame (14)
Scrolls
 b - 3 scrolls of blinking
 u - 9 scrolls of teleportation
 y - 2 scrolls of amnesia
 C - 2 scrolls of magic mapping
 E - a scroll of brand weapon
 H - 3 scrolls of identify
 R - a scroll of fog
Potions
 d - 4 potions of might
 h - a potion of flight {unknown}
 i - 5 potions of curing
 o - 2 potions of heal wounds
 r - 2 potions of cancellation
 D - 3 potions of ambrosia
 T - 3 potions of brilliance
 Y - 2 potions of haste
 Z - 3 potions of invisibility
Miscellaneous
 W - a condenser vane


   Skills:
 + Level 2.9 Fighting
 + Level 3.5 Short Blades
 + Level 1.0 Staves
 + Level 0.3 Throwing
 + Level 3.8 Armour
 + Level 7.3 Dodging
 + Level 5.3 Stealth
 + Level 1.9 Shields
 + Level 15.4 Spellcasting
 + Level 13.1 Conjurations
 + Level 7.8 Hexes
 + Level 1.9 Fire Magic


You had 21 spell levels left.
You knew the following spells:

 Your Spells              Type           Power      Damage    Failure   Level
a - Magic Dart            Conj           100%       1d8       0%          1
b - Searing Ray           Conj           100%       2d8       1%          2
c - Flame Wave            Conj/Fire      77%        2d17      1%          4
d - Fulminant Prism       Conj/Hex       44%        3d20      1%          4
e - Iskenderun's Mystic   Conj/Tloc      73%        2d15      2%          4
f - Dazzling Flash        Conj/Hex       100%       N/A       1%          3
g - Passwall              Tmut/Erth      17%        N/A       4%          2

Your spell library contained the following spells:

 Spells                   Type           Power      Damage    Failure   Level
 Ensorcelled Hibernation  Hex/Ice        86%        N/A       1%          2
 Inner Flame              Hex/Fire       49%        N/A       1%          3
 Cause Fear               Hex            30%        N/A       1%          4
 Scorch                   Fire           64%        2d8       2%          2
 Anguish                  Hex/Necr       21%        N/A       6%          4
 Gell's Gravitas          Tloc           22%        N/A       10%         3
 Ozocubu's Armour         Ice            21%        N/A       10%         3
 Spider Form              Tmut/Pois      21%        N/A       10%         3
 Swiftness                Air            21%        N/A       10%         3
 Teleport Other           Tloc           22%        N/A       10%         3
 Corpse Rot               Necr/Pois/Air  21%        N/A       32%         4
 Agony                    Necr           21%        N/A       65%         5
 Dispersal                Tloc           11%        N/A       99%         6
 Eringya's Noxious Bog    Tmut/Pois      10%        N/A       99%         6
 Summon Cactus Giant      Summ           10%        N/A       99%         6
 Ozocubu's Refrigeration  Ice            10%        4d9       100%        7
 Discord                  Hex            30%        N/A       100%        8
 Infestation              Necr           10%        N/A       100%        8


Dungeon Overview and Level Annotations

Branches:
Dungeon (13/15)            Temple (1/1) D:4            Lair (1/5) D:9
    Orc (1/2) D:9          Bailey (visited)         Gauntlet (visited)
 Vaults: D:13-14

Altars:
Ashenzari
Cheibriados
Dithmenos
Elyvilon
Fedhas
Gozag
Hepliaklqana
Kikubaaqudgha
Makhleb
Nemelex Xobeh
Okawaru
Qazlal
Ru
Sif Muna
Trog
Uskayaw
Vehumet
Wu Jian
Xom
Yredelemnul
Zin
The Shining One

Shops:
D:8 *

Annotations:
D:9 exclusion: orange crystal statue


Innate Abilities, Weirdness & Mutations

You have supernaturally acute eyesight. (SInv)
Your muscles are strong. (Str +4, Int/Dex -1)


Message History

Casting: Fulminant Prism (safe; 1% risk of failure)
Confirm with . or Enter, or press ? or * to list all spells.
Aiming: Searing Ray (safe; 1% risk of failure)
Press: ? - help, Shift-Dir - straight line, f - boulder beetle
Aim: a boulder beetle (rolling, ally target, haloed, 100% to hit)
You feel a surge of power!
The searing ray hits the boulder beetle.
The boulder beetle is lightly wounded. (Press . to maintain the ray.)
Your fulminant prism crackles loudly.
The searing ray hits the boulder beetle.
The boulder beetle is lightly wounded.
The boulder beetle hits you!!
The boulder beetle stops rolling and uncurls.
Your fulminant prism explodes!
The blast of energy engulfs the boulder beetle!!
The boulder beetle is heavily wounded.
You hear an angry buzzing noise. x2
The searing ray hits the boulder beetle but does no damage.
The boulder beetle is heavily wounded.
The boulder beetle bites you!
The searing ray hits the boulder beetle but does no damage.
The boulder beetle is heavily wounded.
You finish channelling your searing ray.
The boulder beetle barely misses you.
Casting: Searing Ray (safe; 1% risk of failure)
Confirm with . or Enter, or press ? or * to list all spells.
Casting: Flame Wave (dangerous; 1% risk of failure)
Press: ? - help, Dir - look around, f - activate You feel a surge of power!
A wave of flame ripples out!
The flame wave engulfs the boulder beetle!
The boulder beetle is heavily wounded. (Press . to intensify the flame waves.)
You hear an angry buzzing noise.
You hear a shout!
The meliai invokes the aid of its god against you.
Something smites you!
* * * LOW HITPOINT WARNING * * *
A vampire mosquito comes into view.
The boulder beetle bites you!
You die...

###+### ##### #.....
#...y #.... +... #...#
#..#
#...########..####
#................#
#<..........@....#
#####.Z...y.....B....#
....CZ..##...##...####
....p##+####+ #...#
#.#......# .....
.........# #......
?.......# #......
##...##### #######.
##.....####.#


You could see a boulder beetle, a vampire mosquito and a meliai.

Vanquished Creatures
  A boulder beetle (D:11)
  2 two-headed ogres (D:12)
  Pikel (D:5)
  A necromancer (D:12)
  3 manticores (D:11)
  Maggie (D:7)
  2 gargoyles
  4 kobold demonologists
  A komodo dragon (shapeshifter) (D:12)
  4 trolls
  2 meliai (D:12)
  Grinder (D:6)
  Prince Ribbit (D:8)
  2 shadows
  A wyvern (D:8)
  Sigmund (D:2)
  18 yaks
  2 vampires
  A centaur simulacrum (D:13)
  A basilisk (D:12)
  Eustachio (D:5)
  A wraith (D:12)
  Menkaure (D:8)
  2 steam dragons
  8 vampire mosquitoes
  A water moccasin (D:9)
  2 acid dragons
  2 orc warriors
  3 sky beasts
  A meliai simulacrum (D:13)
  2 black bears
  4 centaurs
  2 wolves (D:9)
  2 ogres
  2 lemures (D:5)
  5 kobold brigands
  A bullfrog (D:6)
  2 gnoll sergeants
  4 scorpions
  A necrophage (D:7)
  7 wights
  3 killer bees (D:10)
  5 howler monkeys
  7 vampire bats (Bailey)
  3 wolf zombies (Bailey)
  3 electric eels (D:9)
  3 lava snakes (D:9)
  A gnoll bouda (D:8)
  4 jellies
  5 orc priests
  7 hounds
  4 iguanas
  Terence (D:3)
  Natasha (thrice) (D:3)
  12 orc wizards
  20 gnolls
  12 adders
  2 shadow imps
  3 white imps
  2 ufetubi (D:5)
  A dart slug (D:4)
  41 orcs
  8 ball pythons
  13 endoplasms
  6 giant cockroaches
  10 goblins
  8 hobgoblins
  6 jackals
  26 kobolds
  A quokka (D:3)
  7 bats (D:1)
  A frilled lizard (D:2)
  18 orc zombies (Bailey)
  5 rats
  A fulminant prism (D:7)
356 creatures vanquished.

Vanquished Creatures (others)
  A white imp (D:7)
  90 fulminant prisms
  9 withered plants (Gauntlet)
100 creatures vanquished.

Grand Total: 456 creatures vanquished

Notes
Turn   | Place    | Note
-------+----------+-------------------------------------------
     0 | D:1      | javelincjr the Deep Elf Conjurer began the quest for the
                  | Orb.
     0 | D:1      | Reached XP level 1. HP: 10/10 MP: 6/6
   185 | D:1      | Reached XP level 2. HP: 15/15 MP: 6/8
   333 | D:3      | Reached skill level 5 in Conjurations
   437 | D:2      | Reached XP level 3. HP: 19/19 MP: 3/9
   805 | D:2      | Noticed Sigmund
   810 | D:2      | Learned a level 2 spell: Searing Ray
   814 | D:2      | Killed Sigmund
   815 | D:2      | Reached skill level 4 in Spellcasting
   815 | D:2      | Reached XP level 4. HP: 12/24 MP: 5/12
   815 | D:2      | Reached XP level 5. HP: 15/28 MP: 5/14
   978 | D:1      | Reached skill level 5 in Spellcasting
  1020 | D:1      | Found a faded altar of an unknown god.
  2148 | D:3      | Reached XP level 6. HP: 32/32 MP: 9/15
  2252 | D:3      | Found a radiant altar of Vehumet.
  2252 | D:3      | Noticed Terence
  2252 | D:3      | Noticed Natasha
  2256 | D:3      | Killed Natasha
  2259 | D:3      | Killed Terence
  2465 | D:3      | Gained mutation: You expend magic power (3 MP) to
                  | strengthen your wands. [potion of mutation]
  2465 | D:3      | Gained mutation: You are agile. (Dex +4, Str/Int -1)
                  | [potion of mutation]
  2465 | D:3      | Gained mutation: You have a pair of small horns on your
                  | head. [potion of mutation]
  2472 | D:3      | Noticed Natasha
  2475 | D:3      | Killed Natasha
  2542 | D:3      | Noticed Natasha
  2547 | D:3      | Killed Natasha
  2892 | D:4      | Found Liysanahu's Book Boutique.
  2902 | D:4      | Reached skill level 6 in Spellcasting
  3006 | D:4      | Found a staircase to the Ecumenical Temple.
  3052 | Temple   | Entered the Ecumenical Temple
  3097 | Temple   | Became a worshipper of Sif Muna the Loreminder
  3332 | D:5      | Entered Level 5 of the Dungeon
  3340 | D:5      | Reached XP level 7. HP: 36/36 MP: 13/19
  3507 | D:4      | Reached skill level 7 in Spellcasting
  3699 | D:4      | Found a shadowy altar of Dithmenos.
  3976 | D:4      | Lost mutation: You expend magic power (3 MP) to strengthen
                  | your wands. [potion of mutation]
  3976 | D:4      | Lost mutation: You have a pair of small horns on your head.
                  | [potion of mutation]
  3976 | D:4      | Lost mutation: You are agile. (Dex +4, Str/Int -1) [potion
                  | of mutation]
  3976 | D:4      | Gained mutation: You sometimes lose your temper in combat.
                  | [potion of mutation]
  4055 | D:5      | Reached * piety under Sif Muna
  4202 | D:5      | Reached skill level 1 in Short Blades
  4338 | D:5      | Noticed Pikel
  4344 | D:5      | Killed Pikel
  4345 | D:5      | Reached skill level 8 in Spellcasting
  4345 | D:5      | Reached XP level 8. HP: 34/42 MP: 13/22
  4402 | D:5      | Reached skill level 1 in Fighting
  4590 | D:5      | Noticed Eustachio
  4602 | D:5      | Killed Eustachio
  4603 | D:5      | Reached skill level 1 in Shields
  4603 | D:5      | Reached skill level 9 in Spellcasting
  4771 | D:5      | Noticed Grinder
  4790 | D:6      | Killed Grinder
  5476 | D:6      | Reached ** piety under Sif Muna
  5477 | D:6      | Reached XP level 9. HP: 48/48 MP: 14/24
  5995 | D:6      | Reached skill level 10 in Spellcasting
  6846 | D:8      | Reached skill level 10 in Conjurations
  6891 | D:8      | Reached skill level 5 in Dodging
  6894 | D:8      | Reached skill level 11 in Spellcasting
  6909 | D:8      | Reached skill level 5 in Stealth
  7068 | D:8      | Noticed Prince Ribbit
  7074 | D:8      | Killed Prince Ribbit
  7075 | D:8      | Reached XP level 10. HP: 31/53 MP: 11/27
  7075 | D:8      | Reached *** piety under Sif Muna
  7312 | D:8      | Found a flagged portal.
  7318 | Bailey   | Entered a bailey
  7520 | Bailey   | Learned a level 4 spell: Flame Wave
  7525 | Bailey   | Learned a level 4 spell: Fulminant Prism
  7562 | Bailey   | Reached skill level 12 in Spellcasting
  7857 | Bailey   | Noticed a gargoyle
  7863 | Bailey   | Killed a gargoyle
  8546 | Bailey   | Identified the +6 plate armour of Niuniep {Will+}
  8597 | Bailey   | Identified the +6 scimitar of Ofrisyt {vorpal, Int+4 SInv}
  8694 | D:8      | Lost mutation: You sometimes lose your temper in combat.
                  | [potion of mutation]
  8694 | D:8      | Gained mutation: You have supernaturally acute eyesight.
                  | (SInv) [potion of mutation]
  8694 | D:8      | Gained mutation: Your muscles are strong. (Str +4, Int/Dex
                  | -1) [potion of mutation]
  8746 | D:7      | Noticed Menkaure
  8746 | D:7      | Found a hide-covered altar of Uskayaw.
  8747 | D:7      | Noticed Maggie
  8752 | D:8      | Killed Menkaure
  9072 | D:8      | Found an opulent altar of Gozag.
  9079 | D:8      | Found a burning altar of Makhleb.
  9103 | D:8      | Learned a level 4 spell: Iskenderun's Mystic Blast
  9276 | D:8      | Found Menoq's Merry Market.
  9363 | D:7      | Reached **** piety under Sif Muna
  9474 | D:7      | Found a glowing silver altar of Zin.
  9475 | D:7      | Found a blossoming altar of Fedhas.
  9795 | D:7      | Reached skill level 1 in Hexes
  9806 | D:7      | Killed Maggie
 10381 | D:7      | Learned a level 3 spell: Dazzling Flash
 10477 | D:9      | Reached skill level 1 in Armour
 10671 | D:9      | Reached XP level 11. HP: 59/59 MP: 24/29
 10732 | D:9      | Found a staircase to the Orcish Mines.
 10744 | Orc:1    | Entered Level 1 of the Orcish Mines
 10756 | Orc:1    | Noticed an orc sorcerer
 10806 | D:9      | Reached skill level 13 in Spellcasting
 11053 | D:9      | Noticed an orange crystal statue
 11092 | D:10     | Entered Level 10 of the Dungeon
 11104 | D:10     | Reached ***** piety under Sif Muna
 11108 | D:10     | Reached skill level 1 in Staves
 11368 | D:9      | Found a staircase to the Lair.
 11473 | Lair:1   | Entered Level 1 of the Lair of Beasts
 11600 | D:9      | Reached skill level 14 in Spellcasting
 11911 | D:10     | Found a shimmering altar of Xom.
 12255 | D:11     | Noticed a boulder beetle
 12402 | D:10     | Found an iron altar of Okawaru.
 12550 | D:11     | Reached skill level 5 in Hexes
 12582 | D:11     | Found a gate leading to a gauntlet.
 12602 | Gauntlet | Entered a Gauntlet
 12602 | Gauntlet | Noticed a fire crab
 12602 | Gauntlet | Noticed an orange crystal statue
 12602 | Gauntlet | Found a transporter.
 12602 | Gauntlet | Found a transporter.
 12602 | Gauntlet | Found a transporter.
 12733 | Gauntlet | Found a transporter.
 12738 | Gauntlet | Noticed a cacodemon
 12743 | Gauntlet | Learned a level 2 spell: Passwall
 12747 | Gauntlet | Found a transporter.
 12769 | Gauntlet | Found a transporter.
 12775 | Gauntlet | Found a transporter.
 12783 | Gauntlet | Found a transporter.
 12800 | Gauntlet | Found a transporter.
 12804 | Gauntlet | Found a large runed translucent door.
 12804 | Gauntlet | Noticed a soul eater
 12805 | Gauntlet | Found a large runed translucent door.
 12806 | Gauntlet | Found a large runed translucent door.
 12806 | Gauntlet | Found a large runed translucent door.
 12807 | Gauntlet | Found a runed translucent gate.
 12808 | Gauntlet | Found a transporter.
 12808 | Gauntlet | Found a runed translucent gate.
 12809 | Gauntlet | Found a runed translucent gate.
 12810 | Gauntlet | Found a large runed translucent door.
 12810 | Gauntlet | Found a large runed translucent door.
 12811 | Gauntlet | Found a large runed translucent door.
 12812 | Gauntlet | Found a large runed translucent door.
 12821 | Gauntlet | Found a large runed translucent door.
 12821 | Gauntlet | Found a large runed translucent door.
 12821 | Gauntlet | Found a runed translucent door.
 12821 | Gauntlet | Found a runed translucent door.
 12822 | Gauntlet | Found a large runed translucent door.
 12823 | Gauntlet | Found a large runed translucent door.
 12825 | Gauntlet | Found a transporter.
 12854 | Gauntlet | Found a transporter.
 12867 | Gauntlet | Found a large runed translucent door.
 12868 | Gauntlet | Found a large runed translucent door.
 12869 | Gauntlet | Found a large runed translucent door.
 12869 | Gauntlet | Found a large runed translucent door.
 12984 | D:11     | Received a gift from Sif Muna
 12987 | D:11     | Got Sif Muna's Disquisition on Changed Gloom {god gift}
 13409 | D:11     | Reached skill level 1 in Fire Magic
 13525 | D:11     | Killed a boulder beetle
 13526 | D:11     | Reached skill level 15 in Spellcasting
 13785 | D:11     | Found a bloodstained altar of Trog.
 14032 | D:12     | Reached XP level 12. HP: 59/64 MP: 23/33
 14155 | D:12     | Noticed a two-headed ogre
 14165 | D:12     | Killed a two-headed ogre
 14577 | D:12     | Found a shimmering blue altar of Sif Muna.
 14626 | D:13     | Noticed a boulder beetle
 15243 | D:12     | Noticed a two-headed ogre
 15253 | D:12     | Killed a two-headed ogre
 15415 | D:13     | Slain by a boulder beetle

Illustrated notes

Levels and vault maps discovered:
D:1:      elethiomel_arrival_infinity_welcomes_careful_drivers, layout_rooms,
          hellmonk_ecumenical_altar_pennies_from_heaven
D:2:      layout_loops_ring, uniq_sigmund
D:3:      layout_rooms, nicolae_vehumet_altar_sigil, corexii_corridor_pit,
          uniq_terence, uniq_natasha
D:4:      layout_basic, old_standard_altar,
          minmay_temple_entry_drinking_statues, serial_shops,
          nicolae_shop_temple_entry_statues_fountains
D:5:      layout_layer_cave, minmay_misc_feat_doors, serial_bayou_pond_a,
          minivault_1, wad_rectangle_vault, uniq_grinder, uniq_eustachio,
          uniq_pikel
D:6:      layout_loops_cross
D:7:      layout_basic, mainiacjoe_overflow_divided_tiny,
          eat_drink_and_be_merry_uskayaw, lightli_minifort, uniq_maggie,
          uniq_menkaure
D:8:      layout_rooms, grunt_temple_overflow_open, enter_bailey_3,
          nicolae_alphabet_shops, chequers_serial_rivers_large_b,
          uniq_prince_ribbit1
D:9:      layout_big_octagon, erik_lair_island, disabler_island
D:10:     layout_roguey, okawaru_metal_pillars_1_2, brannock_xom_greatest_gift
D:11:     layout_small_grid, gauntlet_entry_generic, bloody_trog
D:12:     layout_loops_cross, nicolae_sif_muna_condensation
D:13:     evilmike_negative_zone, layout_gridville, grunt_vaults_entry_tiered,
          nicolae_evil_shop
Temple:   nicolae_temple_ecumenical_triangle
Lair:1:   layout_loops_ring, serial_bayou_pond_e, gammafunk_lair_bear_cave
Orc:1:    layout_caves, serial_shops, shop, nicolae_shop_stone, basic_altar,
          nicolae_orc_damp_corner, bloody_makhleb

Skill      XL: |  1  2  3  4  5  6  7  8  9 10 11 12 |
---------------+-------------------------------------+-----
Conjurations   | 5 6 7 8 9 10 11 12 13 | 13.1
Stealth        | 3 4 5 |  5.3
Spellcasting   | 4 5 6 8 9 11 12 15 | 15.4
Dodging        | 3 5 6 7 |  7.3
Short Blades   | 2 3 |  3.5
Fighting       | 1 2 |  2.9
Shields        | 1 |  1.9
Hexes          | 3 6 7 |  7.8
Armour         | 1 3 |  3.8
Staves         | 1 |  1.0
Fire Magic     | 1 |  1.9
Throwing       | |  0.3

Action                   |  1- 3 |  4- 6 |  7- 9 | 10-12 || total
-------------------------+-------+-------+-------+-------++-------
Melee: Unarmed           |     1 |       |       |       ||     1
       Dagger            |     1 |       |       |       ||     1
       Short sword       |     2 |    10 |    13 |     1 ||    26
       Headbutt          |       |     1 |     1 |       ||     2
       Staff             |       |       |       |    14 ||    14
Throw: Dart              |       |       |       |     4 ||     4
 Cast: Magic Dart        |    48 |    96 |    82 |    80 ||   306
       Searing Ray       |     1 |    13 |    63 |    54 ||   131
       Fulminant Prism   |       |       |       |    91 ||    91
       Flame Wave        |       |       |       |    15 ||    15
       Iskenderun's Myst |       |       |       |     2 ||     2
Evoke: Wand              |       |       |       |     1 ||     1
  Use: Potion            |       |     4 |     5 |     6 ||    15
       Scroll            |       |    10 |     7 |     6 ||    23
 Stab: Sleeping          |     1 |     3 |       |       ||     4
Armor: Robe              |     2 |     1 |     7 |    15 ||    25
       Leather armour    |       |       |       |    49 ||    49
Dodge: Dodged            |    12 |     9 |    48 |   120 ||   189
Block: Orb               |       |     1 |    15 |    16 ||    32
       Reflection        |       |     1 |     1 |       ||     2
